Map: Hecate LE

Players

ohmygodism - Winner!

  • Race: Zerg Zerg
  • Spawn Location: 1:00

ISILDURsBANE

  • Race: Terran Terran
  • League: Diamond
  • Spawn Location: 7:00

VOD

Have the link to the VOD?

Description

Time

  • Played on: March 17, 2024, 10:28 a.m.
  • Length: 16:05
Show
View Real Time Build Order
Export as new Build Order

ohmygodism Zerg - Winner!

Build Orders: Pool First, Swarm Host 

Get SALT Encoding   

  12  0:02  Drone  
  13  0:09  Drone  
  14  0:17  Overlord  
  14  0:47  Spawning Pool  
  13  1:10  Hatchery  
  12  1:15  Drone x3, Extractor  
  14  1:35  Roach Warren  
  13  1:41  Drone x2  
  15  1:49  Drone  
  16  2:02  Queen  
  18  2:16  Roach  
  18  2:22  Roach  
  24  2:30  Extractor, Roach  
  24  2:35  Roach  
  25  2:47  Hatchery  
  24  2:51  Roach  
  24  3:06  Roach  
  24  3:07  Roach  
  26  3:17  Roach  
  24  3:48  Roach x3  
  26  3:57  Roach  
  26  3:59  Zergling x8  
  32  4:14  Overlord  
  21  5:03  Drone x3  
  19  5:30  Roach x2  
  23  5:36  Lair  
  23  5:38  Drone  
  23  5:39  Drone x2  
  23  5:40  Drone, Queen  
  29  5:57  Hatchery  
  29  6:00  Roach x2  
  29  6:01  Roach  
  34  6:17  Queen  
  36  6:24  Metabolic Boost  
  36  6:32  Overlord x2  
  32  6:51  Roach  
  32  6:52  Roach x4  
  42  7:03  Drone x3  
  42  7:04  Drone  
  42  7:06  Drone  
  47  7:21  Drone x2, Queen  
  51  7:33  Zergling x2  
  51  7:34  Zergling x6  
  55  7:49  Spire  
  54  7:53  Drone x3  
  54  7:55  Drone  
  58  8:12  Overlord  
  58  8:13  Overlord x2  
  58  8:17  Overseer  
  58  8:30  Spore Crawler  
  58  8:32  Spore Crawler  
  56  8:35  Ravager  
  56  8:36  Ravager x2  
  56  8:37  Ravager  
  56  8:41  Spore Crawler  
  49  9:37  Roach  
  49  9:38  Roach x12  
  59  9:40  Zergling x2  
  59  9:41  Zergling x14  
  69  9:49  Extractor  
  69  9:50  Extractor  
  67  9:54  Drone x3  
  67  9:56  Drone  
  69  10:51  Mutalisk x4  
  69  10:53  Zergling x2  
  69  10:54  Zergling x6  
  51  11:36  Mutalisk x2  
  53  11:44  Drone x3  
  53  11:45  Drone x3  
  59  11:47  Extractor  
  59  11:48  Extractor  
  59  11:49  Drone x3  
  59  11:50  Drone x2  
  62  12:02  Drone  
  63  12:12  Roach  
  63  12:15  Roach x2  
  69  12:35  Mutalisk x3  
  69  12:36  Mutalisk  
  77  13:02  Zergling x2  
  77  13:03  Zergling x8  
  82  13:09  Overlord x4  
  82  13:20  Infestation Pit  
  52  14:04  Hydralisk Den  
  52  14:09  Drone x3, Evolution Chamber  
  53  14:21  Drone x5  
  58  14:28  Swarm Host x6  
  76  14:36  Evolution Chamber  
  73  14:38  Evolution Chamber  
  73  14:40  Nydus Network  
  73  14:45  Roach x5  
  81  14:46  Roach  
  79  15:11  Mutalisk  
  79  15:12  Mutalisk x8  
Show
View Real Time Build Order
Export as new Build Order

ISILDURsBANE Terran 

Build Orders: Cyclone Opening 

Get SALT Encoding   

  12  0:00  SCV  
  13  0:12  SCV  
  14  0:17  Supply Depot  
  14  0:24  SCV  
  15  0:39  Barracks  
  15  0:41  SCV  
  16  0:44  Refinery  
  16  0:53  SCV  
  17  1:05  SCV  
  18  1:17  SCV  
  19  1:28  Marine  
  19  1:30  Supply Depot  
  20  1:34  Orbital Command  
  20  1:35  Bunker  
  20  1:46  Marine  
  20  1:47  Factory  
  21  2:09  Marine  
  22  2:17  SCV  
  23  2:27  Marine  
  24  2:31  Hellion  
  24  2:36  Command Center, SCV  
  27  2:58  Cyclone  
  28  3:18  Marine  
  28  3:21  SCV  
  27  3:36  Marine  
  26  3:42  SCV  
  26  3:53  Marine  
  26  3:54  Orbital Command  
  27  4:03  Cyclone  
  15  4:26  Marine  
  7  4:44  Marine  
  5  5:04  Marine  
  5  5:11  Cyclone  
  5  5:27  SCV  
  7  5:28  SCV  
  8  5:39  SCV  
  8  5:41  SCV  
  9  5:43  Barracks Reactor, Cyclone  
  11  5:51  SCV  
  11  5:53  SCV  
  13  6:04  SCV  
  14  6:05  SCV  
  15  6:15  Supply Depot  
  15  6:16  SCV  
  15  6:17  SCV  
  17  6:21  Factory Reactor  
  17  6:22  Marine x2  
  19  6:33  SCV x2  
  21  6:40  Marine x2  
  21  6:45  SCV x2  
  21  6:47  Supply Depot  
  23  6:56  Barracks  
  23  6:57  Cyclone, SCV x2  
  23  6:58  Marine x2  
  29  7:05  Cyclone  
  31  7:09  SCV x2  
  33  7:18  Orbital Command  
  33  7:31  SCV  
  33  7:32  Refinery  
  33  7:33  Orbital Command, Marine  
  33  7:34  Marine  
  30  7:53  Bunker, Cyclone  
  30  7:54  Marine x3  
  30  7:56  Bunker  
  35  8:14  Marine x2  
  35  8:19  Barracks Tech Lab  
  37  8:47  Marine  
  37  8:48  Marine  
  39  8:52  Siege Tank  
  41  8:57  Barracks  
  41  9:21  Supply Depot  
  37  9:33  Orbital Command  
  37  9:34  Siege Tank  
  38  9:42  Marine x4  
  38  9:43  Supply Depot  
  42  9:55  Barracks Tech Lab  
  42  10:06  Siege Tank, Supply Depot  
  45  10:09  Marine, Starport  
  45  10:10  Marine x3  
  45  10:12  Command Center  
  37  10:27  Marine x2  
  37  10:28  Marine x2  
  39  10:31  Bunker  
  39  10:35  SCV x2  
  43  10:39  Concussive Shells  
  43  10:45  Marine x2  
  43  10:47  SCV x2  
  47  10:54  Armory  
  47  10:59  SCV  
  47  11:00  SCV  
  47  11:03  Marine x2  
  35  11:37  SCV  
  35  11:38  SCV  
  37  11:49  SCV  
  37  11:50  SCV  
  37  11:51  Marauder  
  37  11:52  Combat Shield  
  37  11:53  Marine x2  
  43  11:55  Siege Tank  
  43  11:57  Engineering Bay  
  43  11:59  Liberator  
  43  12:00  SCV  
  43  12:01  SCV  
  51  12:02  SCV  
  51  12:04  Refinery  
  52  12:12  SCV  
  52  12:13  Terran Vehicle Weapons Level 1, SCV  
  52  12:14  Marine x2  
  52  12:15  Marine  
  49  12:40  Missile Turret  
  49  12:42  Missile Turret  
  39  13:04  SCV  
  40  13:09  Missile Turret  
  40  13:12  Missile Turret  
  40  13:15  SCV x2  
  42  13:25  SCV  
  44  13:27  SCV  
  38  13:58  SCV x2  
  40  14:03  Medivac  
  40  14:04  Marine x3  
  40  14:05  Marine  
  46  14:10  SCV x2  
  46  14:15  Siege Tank  
  51  14:17  Marauder  
  53  14:56  Marine x4  
  53  14:57  Thor, Marauder  
  58  15:21  Marine x3  
  54  15:22  Marine  
  54  15:28  SCV  
Tags
 
Composition
Swarm Host
League
Diamond
Matchup
TvZ
Spawn Locations
Cross Positions
Add a new tag
Caveats
  • Supply blocks, unpowered buildings, or Contaminate may cause inaccurate times.
  • Supply counts are checked every 10 seconds.